 Dungeon Crawl Stone Soup version 0.21.1-1-g345015fe64 (webtiles) character file.

2862 Gargoyl the Chopper (level 9, -2/74 HPs)
             Began as a Centaur Abyssal Knight on Mar 12, 2018.
             Was a High Priest of Lugonu.
             Slain by a hornet (3 damage)
             ... while paralysed by a hornet
             ... on level 7 of the Dungeon.
             The game lasted 00:15:48 (6455 turns).

Gargoyl the Chopper (Centaur Abyssal Knight)        Turns: 6455, Time: 00:15:49

Health: -2/74      AC: 15    Str: 15 (16) XL:     9   Next: 47%
Magic:  13/13      EV:  1    Int:  8 (11) God:    Lugonu [*****.]
Gold:   300        SH:  0    Dex:  8 (11) Spells: 8/8 levels left

rFire    . . .     SeeInvis .   a - +3 hand axe
rCold    . . .     Gourm    .   v - +0 shield
rNeg     + . .     Faith    .   f - +2 pearl dragon scales
rPois    .         Spirit   .   (no helmet)
rElec    .         Reflect  .   (no cloak)
rCorr    .         Harm     .   (no gloves)
MR       .....                  (no barding)
Stlth    ..........             k - amulet of regeneration
HPRegen  0.62/turn              p - +2 ring of evasion
MPRegen  0.13/turn              C - +3 ring of protection

@: paralysed, lethally poisoned (-2 -> -10), hasted and slowed, very quick
A: large, hooves 3, deformed body, speed 2, tough skin 3
a: Depart the Abyss, Bend Space, Banish, Corrupt, Enter the Abyss, Renounce
Religion


You were on level 7 of the Dungeon.
You worshipped Lugonu.
Lugonu was extremely pleased with you.
You were not hungry.

You visited 1 branch of the dungeon, and saw 9 of its levels.
You visited the Abyss 1 time.
You also visited: Ossuary.

You collected 420 gold pieces.
You spent 120 gold pieces at shops.

Inventory:

Hand Weapons
 a - a +3 hand axe (weapon)
Missiles
 G - 2 javelins (quivered)
Armour
 f - +2 pearl dragon scales (worn)
 v - a +0 shield (worn)
Jewellery
 k - an amulet of regeneration (around neck)
 p - a +2 ring of evasion (left hand)
 C - a +3 ring of protection (right hand)
Wands
 g - a wand of acid (10)
 w - a wand of random effects (44)
 y - a wand of clouds (7)
 z - a wand of flame (35)
Scrolls
 e - 4 scrolls of remove curse
 h - 5 scrolls of identify
 i - a scroll of amnesia
 j - 2 scrolls of fear
 q - 2 scrolls of blinking
 t - 2 scrolls of fog
 D - a scroll of teleportation
Potions
 b - 2 potions of agility
 d - 2 potions of invisibility
 l - 3 potions of brilliance
 m - a potion of curing
 o - a potion of cancellation {unknown}
 r - 2 potions of degeneration
 s - 2 potions of flight {unknown}
 u - 2 potions of ambrosia
 x - 2 potions of heal wounds {unknown}
 A - 3 potions of might
Comestibles
 c - 13 rations
 F - a chunk of flesh


   Skills:
 + Level 5.3 Fighting
 + Level 6.5 Axes
 * Level 6.2 Armour
 + Level 2.3 Dodging
 + Level 0.9 Shields
 * Level 6.0 Invocations


You had 8 spell levels left.
You didn't know any spells.

Dungeon Overview and Level Annotations

Branches:
Dungeon (9/15)             Temple (0/1) D:4
   Lair: D:8-11         Orc: D:9-12

Altars:
Kikubaaqudgha
Qazlal
Ru
Trog
Wu Jian
Yredelemnul

Shops:
D:4 *}[(=   D:6 **!


Innate Abilities, Weirdness & Mutations

You have hooves in place of feet.
Armour fits poorly on your strangely shaped body.
You cover ground very quickly.
You have extremely tough skin. (AC +3)


Message History

There was something very wrong with that liquid.
You feel weakened.
You feel dopey.
You feel clumsy. You block the hornet's attack.
As you read the scroll of enchant armour, it crumbles to dust.
Your +1 pearl dragon scales glow green for a moment.
You feel yourself speed up.
You feel sick. The hornet stings you.
* * * LOW HITPOINT WARNING * * *
You are more poisoned.
You suddenly lose the ability to move!
The hornet stings you but does no damage.
You feel sick.
The hornet stings you but does no damage.
You feel sick. The hornet stings you!
* * * LOW HITPOINT WARNING * * *
You are more poisoned.
You feel yourself slow down.
The hound stops to sniff the ground.
The hornet stings you.
You die...

.#........####.......#
......#....####......#
#.....#...>.###.....##
#............##......
..#.................
...........O........
....######h#......
.... #y#..[... .. #@#
..... #...# .....
#.##.# <... #. ..#
.... # #.# ..# ..# ..#


You could see a hornet, an ogre and a hound.

Vanquished Creatures
  Pikel (D:4)
  The ghost of davido123 the Chopper, an amateur TrBe of Trog (D:3)
  Eustachio (D:5)
  Menkaure (D:4)
  Duvessa (D:4)
  A sky beast (D:8)
  A phantom (D:4)
  An ogre (D:8)
  A centaur (D:6)
  2 elf zombies (Ossuary)
  Blork the orc (D:4)
  A bullfrog (D:6)
  Dowan (D:4)
  A scorpion (D:7)
  A wight (D:8)
  2 howler monkeys
  A vampire bat (D:5)
  2 bullfrog zombies
  A crimson imp (D:8)
  A hound (D:6)
  A human zombie (Ossuary)
  5 orc priests
  2 bullfrog skeletons (D:8)
  Ijyb (D:5)
  Terence (D:3)
  An iguana (D:5)
  3 orc wizards
  4 worker ants
  2 big kobold zombies (Ossuary)
  2 hound zombies (Ossuary)
  3 mummies (Ossuary)
  6 adders
  3 gnolls (D:3)
  A shadow imp (D:3)
  An ooze (D:2)
  An adder zombie (Ossuary)
  3 dart slugs
  3 fire bats (D:5)
  2 leopard geckos
  9 orcs
  2 spectral bats (D:5)
  3 bat skeletons (D:5)
  A bat zombie (D:5)
  3 giant cockroaches (D:1)
  A gnoll zombie (Ossuary)
  8 goblins
  9 hobgoblins
  8 jackals
  7 kobolds
  4 quokkas
  4 ball pythons
  18 bats
  A bat simulacrum (D:5)
  2 frilled lizards
  A goblin zombie (Ossuary)
  5 hobgoblin zombies (Ossuary)
  9 jackal zombies (Ossuary)
  3 kobold zombies (Ossuary)
  A leopard gecko skeleton (D:4)
  4 quokka zombies (Ossuary)
  10 rats
  4 rat zombies (Ossuary)
185 creatures vanquished.

Vanquished Creatures (others)
  A human (D:6)
1 creature vanquished.

Grand Total: 186 creatures vanquished

Notes
Turn   | Place    | Note
-------+----------+-------------------------------------------
     0 | Abyss:1  | Gargoyl the Centaur Abyssal Knight began the quest for the Orb.
     0 | Abyss:1  | Reached XP level 1. HP: 19/19 MP: 2/2
    68 | Abyss:1  | Noticed a golden eye
    70 | Abyss:1  | Noticed a golden eye
    71 | Abyss:1  | Noticed a golden eye
    76 | Abyss:1  | Noticed a golden eye
    81 | Abyss:1  | Noticed a golden eye
    85 | Abyss:1  | Noticed a golden eye
   321 | Abyss:1  | Noticed a smoke demon
   422 | Abyss:1  | Noticed a small abomination
   446 | Abyss:1  | Noticed a large abomination
   449 | Abyss:1  | Noticed a starcursed mass
   454 | Abyss:1  | Noticed a spiny frog simulacrum
   454 | Abyss:1  | Noticed a large abomination
   456 | D:1      | Escaped the Abyss
   654 | D:1      | Reached XP level 2. HP: 21/26 MP: 3/3
   905 | D:1      | Reached * piety under Lugonu
  1234 | D:1      | Reached XP level 3. HP: 31/31 MP: 4/4
  1665 | D:2      | Found an ornate altar of the Wu Jian Council.
  1808 | D:2      | Found a faded altar of an unknown god.
  2060 | D:3      | Reached ** piety under Lugonu
  2062 | D:3      | Reached XP level 4. HP: 34/38 MP: 6/6
  2082 | D:3      | Reached skill level 1 in Dodging
  2178 | D:3      | Noticed davido123's ghost (amateur TrBe)
  2191 | D:3      | Killed davido123's ghost
  2191 | D:3      | Reached XP level 5. HP: 24/46 MP: 7/7
  2310 | D:3      | Noticed Terence
  2323 | D:3      | Reached XP level 6. HP: 49/52 MP: 8/8
  2341 | D:3      | Killed Terence
  2799 | D:4      | Found Osuthecubb's Weapon Shoppe.
  2823 | D:4      | Found a bloodstained altar of Trog.
  2845 | D:4      | Found Tekegh's Jewellery Emporium.
  2857 | D:4      | Bought a +2 ring of evasion for 120 gold pieces
  2901 | D:4      | Noticed a slave
  2903 | D:4      | Noticed a slave
  2904 | D:4      | Noticed Pikel
  2905 | D:4      | Noticed a slave
  2906 | D:4      | Noticed a slave
  2939 | D:4      | Killed Pikel
  2939 | D:4      | Reached XP level 7. HP: 43/59 MP: 8/10
  2957 | D:4      | Noticed Blork the orc
  2973 | D:4      | Killed Blork the orc
  3004 | D:4      | Found Povomai's Antique Armour Boutique.
  3092 | D:4      | Found Udiadeo's Gadget Emporium.
  3222 | D:4      | Noticed Menkaure
  3229 | D:4      | Killed Menkaure
  3229 | D:4      | Reached XP level 8. HP: 37/66 MP: 11/11
  3333 | D:4      | Found Tuafus's General Store.
  3384 | D:4      | Found a staircase to the Ecumenical Temple.
  3484 | D:4      | Noticed Duvessa
  3484 | D:4      | Noticed Dowan
  3493 | D:4      | Killed Duvessa
  3493 | D:4      | Reached skill level 5 in Armour
  3506 | D:4      | Killed Dowan
  3880 | D:5      | Entered Level 5 of the Dungeon
  3887 | D:5      | Reached *** piety under Lugonu
  3902 | D:5      | Noticed Ijyb
  3929 | D:5      | Killed Ijyb
  4109 | D:5      | Reached skill level 5 in Axes
  4313 | D:5      | Reached skill level 5 in Invocations
  4602 | D:5      | Found a sacrificial altar of Ru.
  4605 | D:5      | Found a basalt altar of Yredelemnul.
  4607 | D:5      | Found a stormy altar of Qazlal.
  4647 | D:5      | Noticed Eustachio
  4669 | D:5      | Killed Eustachio
  4669 | D:5      | Reached skill level 5 in Fighting
  4887 | D:6      | Found Goux's Assorted Antiques.
  4938 | D:6      | Found an ancient bone altar of Kikubaaqudgha.
  5117 | D:6      | Reached XP level 9. HP: 56/74 MP: 13/13
  5166 | D:6      | Found Beesunal's Distillery.
  5308 | D:6      | Reached **** piety under Lugonu
  5311 | D:6      | Found Utest's Assorted Antiques.
  5350 | D:6      | You fall through a shaft for 3 floors!
  5453 | D:9      | Noticed a two-headed ogre
  5499 | D:8      | Found a sand-covered staircase.
  5514 | Ossuary  | Entered an ossuary
  6237 | D:8      | Reached ***** piety under Lugonu
  6419 | D:7      | Paralysed by a hornet for 1 turns
  6453 | D:7      | Paralysed by a hornet for 3 turns
  6455 | D:7      | HP: 1/74 [hornet (11)]
  6455 | D:7      | Slain by a hornet

Skill      XL: |  1  2  3  4  5  6  7  8  9 |
---------------+----------------------------+-----
Axes           | 2 3 4 5 6 |  6.5
Invocations    | 3 4 5 6 |  6.0
Armour         | 2 4 5 6 |  6.2
Dodging        | 1 2 |  2.3
Fighting       | 4 5 |  5.3
Shields        | |  0.9

Action                   |  1- 3 |  4- 6 |  7- 9 || total
-------------------------+-------+-------+-------++-------
Melee: Hand axe          |   160 |   117 |   426 ||   703
       Kick              |    21 |    23 |    92 ||   136
Invok: Depart the Abyss  |     1 |       |       ||     1
       Bend Space        |       |       |     1 ||     1
Evoke: Wand              |       |     1 |       ||     1
  Use: Scroll            |     9 |     3 |     9 ||    21
       Potion            |       |     2 |     3 ||     5
  Eat: Chunk             |     2 |     2 |     7 ||    11
       Ration            |       |       |     1 ||     1
Armor: Pearl dragon scal |   103 |    56 |   308 ||   467
Dodge: Dodged            |    50 |    33 |   174 ||   257
Block: Shield            |       |       |    77 ||    77
